 Dungeon Crawl Stone Soup version 0.26-b1-32-g5d43845318 (webtiles) character file.

Game seed: 3694073292468633701

1243 Aviak the Vexing (level 8, -3/60 HPs)
             Began as a Human Enchanter on Jan 13, 2021.
             Slain by an ice beast (8 damage)
             ... on level 6 of the Dungeon.
             The game lasted 00:16:17 (8966 turns).

Aviak the Vexing (Human Enchanter)                  Turns: 8966, Time: 00:16:18

Health: -3/60      AC:  4    Str: 10    XL:     8   Next: 79%
Magic:  11/11      EV: 12    Int: 16    God:
Gold:   301        SH:  0    Dex: 14    Spells: 5/11 levels left

rFire    . . .     SeeInvis .   a - +1 dagger
rCold    . . .     Faith    .   (no shield)
rNeg     . . .     Spirit   .   m - +0 leather armour
rPois    .         Reflect  .   (no helmet)
rElec    .         Harm     .   (no cloak)
rCorr    .         Rampage  .   i - +0 pair of gloves
Will     .....                  (no boots)
Stlth    ++........             (no amulet)
HPRegen  0.20/turn              u - ring of wizardry
MPRegen  0.12/turn              (no ring)

@: no status effects
A: no striking features
a: no special abilities


You were on level 6 of the Dungeon.
You visited 1 branch of the dungeon, and saw 6 of its levels.

You collected 301 gold pieces.

Inventory:

Hand Weapons
 a - a +1 dagger (weapon)
Armour
 b - a +0 robe
 i - a +0 pair of gloves (worn)
 l - a +2 tower shield
 m - a +0 leather armour (worn)
 o - a +0 buckler
Jewellery
 u - a ring of wizardry (left hand)
Wands
 q - a wand of paralysis (7)
 w - a wand of flame (20)
Scrolls
 c - a scroll of blinking {unknown}
 e - a scroll of amnesia {unknown}
 f - 9 scrolls of identify {unknown}
 g - a scroll of enchant weapon {unknown}
 h - a scroll of fear {unknown}
 j - a scroll of random uselessness {unknown}
 k - a scroll of immolation {unknown}
 n - 3 scrolls of remove curse {unknown}
 p - a scroll of brand weapon {unknown}
 r - 3 scrolls of enchant armour {unknown}
 s - 3 scrolls of teleportation {unknown}
Potions
 d - a potion of flight
 t - a potion of haste {unknown}
 v - a potion of mutation {unknown}
 x - 2 potions of invisibility {unknown}


   Skills:
 + Level 4.3 Fighting
 - Level 5.0 Short Blades
 - Level 2.0 Dodging
 - Level 3.0 Stealth
 - Level 4.0 Shields
 - Level 2.0 Spellcasting
 + Level 6.6 Hexes


You had 5 spell levels left.
You knew the following spells:

 Your Spells              Type           Power        Failure   Level
a - Corona                Hex            24%          1%          1
b - Ensorcelled Hibernat  Hex/Ice        24%          4%          2
c - Confusing Touch       Hex            22%          2%          3

Your spell library contained the following spells:

 Spells                   Type           Power        Failure   Level
 Tukima's Dance           Hex            22%          2%          3
 Dazzling Flash           Conj/Hex       24%          9%          3
 Animate Skeleton         Necr           2%           12%         1
 Pain                     Necr           4%           12%         1
 Gell's Gravitas          Tloc           0%           32%         3
 Vampiric Draining        Necr           0%           32%         3
 Metabolic Englaciation   Hex/Ice        6%           58%         5
 Yara's Violent Unravell  Hex/Tmut       6%           58%         5
 Animate Dead             Necr           0%           69%         4
 Petrify                  Tmut/Erth      1%           69%         4
 Agony                    Necr           1%           95%         5


Dungeon Overview and Level Annotations

Branches:
Dungeon (6/15)
 Temple: D:4-7

Altars:
Dithmenos
Fedhas
Nemelex Xobeh
Qazlal
Sif Muna
Vehumet

Shops:
D:4 [


Message History

The ice beast is moderately wounded.
The ice beast hits you. The ice beast freezes you!
* * * LOW HITPOINT WARNING * * *
Unknown command.
There is an escape hatch in the floor here.
You hit the ice beast but do no damage.
The ice beast is moderately wounded.
You hit the ice beast but do no damage.
The ice beast is moderately wounded.
The ice beast hits you.
* * * LOW HITPOINT WARNING * * *
The ice beast freezes you!
* * * LOW HITPOINT WARNING * * *
The ice beast seems less confused.
Okay, then.
There is an escape hatch in the ceiling here.
The ice beast hits you.
* * * LOW HITPOINT WARNING * * *
The ice beast freezes you!
You die...

..##.## #....###.#
.##...###........#
.......(.#...####
###...##.##.##
##.###.##.#
#.###.##.########
#...............##
###.#.########...##
#####....# #@#.#.#
......#..# #Y..#.#
#####...## #..##.#
## ##.## ##...##
.## #.# ##.###
..####.# #..#
.......# #.##
..###### #.# .##
#.#


You could see an ice beast.

Vanquished Creatures
  A sky beast (D:6)
  2 ogres (D:5)
  A bullfrog (D:6)
  2 scorpions
  A howler monkey (D:6)
  A bullfrog zombie (D:5)
  3 hounds
  5 orc priests
  3 iguanas
  3 orc wizards
  5 worker ants
  3 gnolls (D:5)
  5 adders
  A shadow imp (D:5)
  3 white imps
  An ufetubus (D:6)
  2 adder skeletons (D:5)
  2 worms
  2 dart slugs
  7 leopard geckos
  24 orcs
  5 bats
  2 giant cockroaches
  6 goblins
  4 hobgoblins
  15 jackals
  4 quokkas
  6 frilled lizards
  3 kobolds
  A leopard gecko skeleton (D:4)
  6 rats
129 creatures vanquished.

Vanquished Creatures (others)
  48 plants
48 creatures vanquished.

Grand Total: 177 creatures vanquished

Notes
Turn   | Place    | Note
-------+----------+-------------------------------------------
     0 | D:1      | Aviak the Human Enchanter began the quest for the Orb.
     0 | D:1      | Reached XP level 1. HP: 13/13 MP: 3/3
   399 | D:1      | Reached XP level 2. HP: 15/19 MP: 5/5
   404 | D:1      | Learned a level 2 spell: Ensorcelled Hibernation
   938 | D:1      | Reached XP level 3. HP: 15/24 MP: 1/6
   944 | D:1      | Learned a level 3 spell: Confusing Touch
  1765 | D:2      | Found a shimmering blue altar of Sif Muna.
  1767 | D:2      | Found a stormy altar of Qazlal.
  1837 | D:2      | Reached XP level 4. HP: 30/30 MP: 7/7
  2099 | D:3      | Reached skill level 4 in Hexes
  2727 | D:3      | Reached XP level 5. HP: 29/35 MP: 8/8
  3721 | D:4      | Found Rietorr's Antique Armour Shoppe.
  3761 | D:4      | Reached XP level 6. HP: 42/42 MP: 6/9
  3927 | D:4      | Noticed a phantom
  4032 | D:4      | Reached skill level 1 in Fighting
  4032 | D:4      | Reached skill level 1 in Shields
  4142 | D:4      | Reached skill level 5 in Hexes
  4615 | D:4      | Found a shadowy altar of Dithmenos.
  4976 | D:5      | Entered Level 5 of the Dungeon
  5305 | D:5      | Reached XP level 7. HP: 44/48 MP: 10/10
  7171 | D:5      | Found a sparkling altar of Nemelex Xobeh.
  7239 | D:5      | Found a blossoming altar of Fedhas.
  7276 | D:5      | Reached XP level 8. HP: 50/57 MP: 3/11
  7785 | D:5      | Reached skill level 5 in Short Blades
  8008 | D:6      | Reached skill level 6 in Hexes
  8168 | D:6      | Found a radiant altar of Vehumet.
  8966 | D:6      | Slain by an ice beast

Illustrated notes

Levels and vault maps discovered:
D:1:      nicolae_arrival_somewhat_less_tricky_arrival, layout_rooms
D:2:      layout_basic, nicolae_overflow_hidden_temple,
          chequers_serial_rivers_small_b, minmay_tetromino_s2
D:3:      layout_loops_ring
D:4:      layout_loops_ring, lemuel_doored_altar, serial_shops,
          nicolae_shop_statue_plus, serial_bayou_lagoon_a
D:5:      layout_loops_corners, lemuel_round_altar, fedhas_ov_isle_minmay
D:6:      layout_loops_ring, vehumet_altar_wand_db, grunt_ministairs_2

Skill      XL: |  1  2  3  4  5  6  7  8 |
---------------+-------------------------+-----
Short Blades   | 2 3 4 5 |  5.0
Hexes          | 4 5 6 |  6.6
Fighting       | 1 2 4 |  4.3
Shields        | 1 2 4 |  4.0
Dodging        | |  2.0
Stealth        | |  3.0
Spellcasting   | |  2.0

Action                   |  1- 3 |  4- 6 |  7- 9 || total
-------------------------+-------+-------+-------++-------
Melee: Dagger            |    90 |   265 |   306 ||   661
 Cast: Corona            |     4 |       |       ||     4
       Ensorcelled Hiber |     5 |    38 |    29 ||    72
       Confusing Touch   |       |     2 |    13 ||    15
Evoke: Wand              |       |     8 |       ||     8
  Use: Potion            |       |     4 |     2 ||     6
 Stab: Sleeping          |     7 |    17 |    18 ||    42
       Paralysed         |       |     6 |       ||     6
       Confused          |       |     2 |    13 ||    15
Armor: Robe              |    22 |       |       ||    22
       Leather armour    |     5 |    75 |    61 ||   141
       Skin              |       |    35 |       ||    35
Dodge: Dodged            |    64 |   143 |   170 ||   377
